| TOP OF THE 1ST |
|
San Diego Padres batting - Pitching for Arizona Diamondbacks : RHP Tong-myeon Moon
|
|
Pitching: RHP Tong-myeon Moon
|
|
|
Batting: RHB Hildo Pot
|
0-0: Foul Ball, location: 2F 0-1: Called Strike 0-2: SOLO HOME RUN (Line Drive, 9D, EV 98.1 MPH), Distance : 391 ft
|
|
Batting: SHB Phil Zacharia
|
0-0: Ball 1-0: Ball 2-0: Ball 3-0: Base on Balls
|
|
Batting: RHB Hugo Bautista
|
0-0: Called Strike 0-1: Swinging Strike 0-2: DOUBLE (Flyball, 8RXD, EV 111.9 MPH) Phil Zacharia to third
|
|
Batting: SHB Terry Tuckfard
|
0-0: Ball 1-0: Swinging Strike 1-1: Called Strike 1-2: Strikes out swinging
|
|
Batting: LHB Mike Holt
|
0-0: Called Strike 0-1: Ball 1-1: Foul Ball, location: 2F 1-2: Ball 2-2: Strikes out swinging
|
|
Batting: RHB Kaeo Zirpoli
|
0-0: Ball 1-0: Ball 2-0: Foul Ball, location: 2F 2-1: Ball 3-1: SINGLE (Groundball, 6MS, EV 71.2 MPH) (infield hit) Phil Zacharia scores Hugo Bautista to third
|
|
Batting: RHB C.J. Beavers
|
0-0: Ground out 2-3 (Groundball, 13S, EV 72.5 MPH)
|
| Top of the 1st over - 2 runs, 3 hits, 0 errors, 2 left on base; San Diego 2 - Arizona 0 |
| BOTTOM OF THE 1ST |
|
Arizona Diamondbacks batting - Pitching for San Diego Padres : LHP Matt Wheeler
|
|
Pitching: LHP Matt Wheeler
|
|
|
Batting: SHB Alec Thorpe
|
0-0: Called Strike 0-1: Called Strike 0-2: Foul Ball, location: 2F 0-2: Strikes out swinging passed ball, reaches first!
|
|
Batting: RHB Katilimomi Kelekolio
|
0-0: Foul Ball, location: 2F 0-1: DOUBLE (Line Drive, 89D, EV 101.9 MPH) Alec Thorpe to third
|
|
Batting: RHB Andy Swaim
|
0-0: Called Strike 0-1: Ball 1-1: Foul Ball, location: 2F 1-2: Ground out 3-1 (Groundball, 34S, EV 62.5 MPH) Alec Thorpe scores Katilimomi Kelekolio to third
|
|
Batting: SHB Perry Tuckfard
|
0-0: Ball 1-0: Foul Ball, location: 2F 1-1: Swinging Strike 1-2: Ball 2-2: Foul Ball, location: 2F 2-2: Foul Ball, location: 2F 2-2: Ball 3-2: Base on Balls
|
|
Batting: RHB Jim Zucco
|
0-0: Ball 1-0: Fly out, F4 (Popup, 13, EV 71.9 MPH)
|
|
Batting: LHB Joel Kunkler
|
0-0: Called Strike 0-1: Called Strike 0-2: Ball 1-2: Strikes out swinging
|
| Bottom of the 1st over - 1 run, 1 hit, 0 errors, 2 left on base; San Diego 2 - Arizona 1 |
| TOP OF THE 2ND |
|
San Diego Padres batting - Pitching for Arizona Diamondbacks : RHP Tong-myeon Moon
|
|
Batting: LHB James McCauley
|
0-0: Ball 1-0: Swinging Strike 1-1: Called Strike 1-2: Strikes out swinging
|
|
Batting: RHB Luis Torres
|
0-0: Ground out 6-3 (Groundball, 6, EV 85.6 MPH)
|
|
Batting: RHB Hildo Pot
|
0-0: Ground out 5-3 (Groundball, 56, EV 86.9 MPH)
|
| Top of the 2nd over - 0 runs, 0 hits, 0 errors, 0 left on base; San Diego 2 - Arizona 1 |
| BOTTOM OF THE 2ND |
|
Arizona Diamondbacks batting - Pitching for San Diego Padres : LHP Matt Wheeler
|
|
Batting: RHB Bob Najar
|
0-0: Called Strike 0-1: Ball 1-1: Called Strike 1-2: Ball 2-2: Ball 3-2: Base on Balls
|
|
Batting: SHB Salvador Aragon
|
0-0: Fly out, F2 (Popup, 25F, EV 83.8 MPH)
|
|
Batting: LHB Roy Steigerwald
|
0-0: Foul Ball, location: 2F 0-1: Ball 1-1: Swinging Strike 1-2: Foul Ball, location: 2F 1-2: Ball 2-2: Foul Ball, location: 2F 2-2: Strikes out swinging
|
|
Batting: SHB Alec Thorpe
|
0-0: Ball 1-0: Ball 2-0: Swinging Strike 2-1: Called Strike 2-2: Strikes out swinging
|
| Bottom of the 2nd over - 0 runs, 0 hits, 0 errors, 1 left on base; San Diego 2 - Arizona 1 |
| TOP OF THE 3RD |
|
San Diego Padres batting - Pitching for Arizona Diamondbacks : RHP Tong-myeon Moon
|
|
Batting: SHB Phil Zacharia
|
0-0: Ball 1-0: Foul Ball, location: 2F 1-1: Called Strike 1-2: Strikes out swinging
|
|
Batting: RHB Hugo Bautista
|
0-0: Ball 1-0: Swinging Strike 1-1: Ball 2-1: Swinging Strike 2-2: Fly out, F7 (Flyball, 78M, EV 86.2 MPH)
|
|
Batting: SHB Terry Tuckfard
|
0-0: Swinging Strike 0-1: Called Strike 0-2: Ball 1-2: Ground out U3 (Groundball, 34S, EV 64.4 MPH)
|
| Top of the 3rd over - 0 runs, 0 hits, 0 errors, 0 left on base; San Diego 2 - Arizona 1 |
| BOTTOM OF THE 3RD |
|
Arizona Diamondbacks batting - Pitching for San Diego Padres : LHP Matt Wheeler
|
|
Batting: RHB Katilimomi Kelekolio
|
0-0: Swinging Strike 0-1: Foul Ball, location: 2F 0-2: Ball 1-2: Ball 2-2: Foul Ball, location: 2F 2-2: Foul Ball, location: 2F 2-2: Strikes out looking
|
|
Batting: RHB Andy Swaim
|
0-0: Ball 1-0: Foul Ball, location: 2F 1-1: SOLO HOME RUN (Flyball, 89XD, EV 104.4 MPH) (Inside the Park)
|
|
Batting: SHB Perry Tuckfard
|
0-0: Ball 1-0: Ball 2-0: Ball 3-0: Base on Balls
|
|
Batting: RHB Jim Zucco
|
0-0: Called Strike Perry Tuckfard is caught stealing 2nd base 2-4 0-1: Swinging Strike 0-2: Strikes out looking
|
| Bottom of the 3rd over - 1 run, 1 hit, 0 errors, 0 left on base; San Diego 2 - Arizona 2 |
| TOP OF THE 4TH |
|
San Diego Padres batting - Pitching for Arizona Diamondbacks : RHP Tong-myeon Moon
|
|
Batting: LHB Mike Holt
|
0-0: Ball 1-0: Fly out, F8 (Flyball, 78S, EV 95.0 MPH)
|
|
Batting: RHB Kaeo Zirpoli
|
0-0: Ball 1-0: Ball 2-0: Ball 3-0: Called Strike 3-1: SINGLE (Groundball, 6S, EV 72.5 MPH) (infield hit)
|
|
Batting: RHB C.J. Beavers
|
0-0: Foul Ball, location: 2F 0-1: Grounds into double play, 4-6-3 (Groundball, 4S, EV 85.0 MPH)
|
| Top of the 4th over - 0 runs, 1 hit, 0 errors, 0 left on base; San Diego 2 - Arizona 2 |
| BOTTOM OF THE 4TH |
|
Arizona Diamondbacks batting - Pitching for San Diego Padres : LHP Matt Wheeler
|
|
Batting: LHB Joel Kunkler
|
0-0: Ball 1-0: Ball 2-0: Fly out, F2 (Popup, 2LF, EV 86.2 MPH)
|
|
Batting: RHB Bob Najar
|
0-0: Foul Ball, location: 2F 0-1: Foul Ball, location: 2F 0-2: Strikes out swinging
|
|
Batting: SHB Salvador Aragon
|
0-0: Ball 1-0: Ball 2-0: Called Strike 2-1: SINGLE (Groundball, 56D, EV 96.2 MPH)
|
|
Batting: LHB Roy Steigerwald
|
0-0: Ball 1-0: Foul Ball, location: 2F 1-1: SINGLE (Flyball, 8LS, EV 91.2 MPH) Salvador Aragon to second
|
|
Batting: SHB Alec Thorpe
|
0-0: Ball 1-0: Ball 2-0: Ball 3-0: Called Strike 3-1: Base on Balls Salvador Aragon to third Roy Steigerwald to second
|
|
Batting: RHB Katilimomi Kelekolio
|
0-0: Ball 1-0: Foul Ball, location: 2F 1-1: Swinging Strike 1-2: SINGLE (Groundball, 34S, EV 61.9 MPH) (infield hit) Salvador Aragon scores Roy Steigerwald to third Alec Thorpe to second
|
|
Batting: RHB Andy Swaim
|
0-0: Ball 1-0: Foul Ball, location: 2F 1-1: Called Strike 1-2: Foul Ball, location: 2F 1-2: Fly out, F7 (Line Drive, 78D, EV 95.6 MPH)
|
| Bottom of the 4th over - 1 run, 3 hits, 0 errors, 3 left on base; San Diego 2 - Arizona 3 |
| TOP OF THE 5TH |
|
San Diego Padres batting - Pitching for Arizona Diamondbacks : RHP Tong-myeon Moon
|
|
Batting: LHB James McCauley
|
0-0: Swinging Strike 0-1: Ball 1-1: Called Strike 1-2: Ball 2-2: Strikes out looking
|
|
Batting: RHB Luis Torres
|
0-0: Called Strike 0-1: Foul Ball, location: 2F 0-2: Ball 1-2: Reached on error, E6 (Groundball, 56, EV 85.0 MPH)
|
|
Batting: RHB Hildo Pot
|
0-0: Hit by Pitch Luis Torres to second
|
|
Batting: SHB Phil Zacharia
|
0-0: Ball 1-0: Ball 2-0: Ball 3-0: Called Strike 3-1: Base on Balls Luis Torres to third Hildo Pot to second
|
|
Batting: RHB Hugo Bautista
|
0-0: Called Strike 0-1: Swinging Strike 0-2: Ball 1-2: Ball 2-2: Foul Ball, location: 2F 2-2: Foul Ball, location: 2F 2-2: Strikes out looking
|
|
Batting: SHB Terry Tuckfard
|
0-0: Called Strike 0-1: Ball 1-1: Called Strike 1-2: Foul Ball, location: 2F 1-2: Foul Ball, location: 2F 1-2: Ball 2-2: SINGLE (Groundball, 56S, EV 69.4 MPH) (infield hit) Luis Torres scores Hildo Pot to third Phil Zacharia to second
|
|
Batting: LHB Mike Holt
|
0-0: Called Strike 0-1: Ground out U3 (Groundball, 34S, EV 88.8 MPH)
|
| Top of the 5th over - 1 run, 1 hit, 1 error, 3 left on base; San Diego 3 - Arizona 3 |
| BOTTOM OF THE 5TH |
|
Arizona Diamondbacks batting - Pitching for San Diego Padres : LHP Matt Wheeler
|
|
Batting: SHB Perry Tuckfard
|
0-0: Called Strike 0-1: Ball 1-1: Ball 2-1: Foul Ball, location: 2F 2-2: Strikes out swinging
|
|
Batting: RHB Jim Zucco
|
0-0: Ball 1-0: Swinging Strike 1-1: Ground out 6-3 (Groundball, 6, EV 84.4 MPH)
|
|
Batting: LHB Joel Kunkler
|
0-0: Ball 1-0: Called Strike 1-1: Ground out 5-3 (Groundball, 6, EV 105.0 MPH)
|
| Bottom of the 5th over - 0 runs, 0 hits, 0 errors, 0 left on base; San Diego 3 - Arizona 3 |
| TOP OF THE 6TH |
|
San Diego Padres batting - Pitching for Arizona Diamondbacks : RHP Tong-myeon Moon
|
|
Batting: RHB Kaeo Zirpoli
|
0-0: Ball 1-0: Foul Ball, location: 2F 1-1: Foul Ball, location: 2F 1-2: Foul Ball, location: 2F 1-2: Ball 2-2: Foul Ball, location: 2F 2-2: Fly out, F8 (Flyball, 8RD, EV 95.0 MPH)
|
|
Batting: RHB C.J. Beavers
|
0-0: Ball 1-0: Foul Ball, location: 2F 1-1: Ground out 6-3 (Groundball, 6, EV 88.8 MPH)
|
|
Batting: LHB James McCauley
|
0-0: Swinging Strike 0-1: Fly out, F5 (Popup, 56S, EV 74.4 MPH)
|
| Top of the 6th over - 0 runs, 0 hits, 0 errors, 0 left on base; San Diego 3 - Arizona 3 |
| BOTTOM OF THE 6TH |
|
Arizona Diamondbacks batting - Pitching for San Diego Padres : LHP Matt Wheeler
|
|
Pitching: RHP Colin Dorsey
|
|
|
Batting: RHB Bob Najar
|
0-0: Called Strike 0-1: Ball 1-1: Called Strike 1-2: Strikes out swinging, 2-3 out at first.
|
|
Batting: SHB Salvador Aragon
|
0-0: Ball 1-0: Ground out 4-3 (Groundball, 4, EV 85.0 MPH)
|
|
Batting: LHB Roy Steigerwald
|
0-0: Ball 1-0: Ball 2-0: Foul Ball, location: 2F 2-1: Foul Ball, location: 2F 2-2: Ball 3-2: DOUBLE (Flyball, 8RXD, EV 100.0 MPH)
|
|
Batting: SHB Alec Thorpe
|
0-0: Called Strike 0-1: Ground out 6-3 (Groundball, 6MD, EV 86.9 MPH)
|
| Bottom of the 6th over - 0 runs, 1 hit, 0 errors, 1 left on base; San Diego 3 - Arizona 3 |
| TOP OF THE 7TH |
|
San Diego Padres batting - Pitching for Arizona Diamondbacks : RHP Tong-myeon Moon
|
|
Batting: RHB Luis Torres
|
0-0: Ball 1-0: Ball 2-0: Foul Ball, location: 2F 2-1: Fly out, F7 (Flyball, 7LM, EV 78.1 MPH)
|
|
Batting: RHB Hildo Pot
|
0-0: Fly out, F8 (Line Drive, 8LM, EV 95.6 MPH)
|
|
Batting: SHB Phil Zacharia
|
0-0: Ball 1-0: SINGLE (Groundball, 56D, EV 94.4 MPH)
|
|
Pitching: RHP Rich Garces
|
|
|
Batting: RHB Hugo Bautista
|
0-0: Ball 1-0: Ground out U3 (Groundball, 34, EV 85.0 MPH)
|
| Top of the 7th over - 0 runs, 1 hit, 0 errors, 1 left on base; San Diego 3 - Arizona 3 |
| BOTTOM OF THE 7TH |
|
Arizona Diamondbacks batting - Pitching for San Diego Padres : RHP Colin Dorsey
|
|
Batting: RHB Katilimomi Kelekolio
|
0-0: Foul Ball, location: 2F 0-1: Fly out, F8 (Flyball, 89M, EV 90.6 MPH)
|
|
Batting: RHB Andy Swaim
|
0-0: SINGLE (Groundball, 6MD, EV 95.0 MPH)
|
|
Batting: SHB Perry Tuckfard
|
0-0: Ball 1-0: Ball Andy Swaim steals 2nd base 2-0: Ball 3-0: Called Strike 3-1: DOUBLE (Line Drive, 9LD, EV 113.8 MPH) Andy Swaim scores
|
|
Batting: RHB Jim Zucco
|
0-0: Ground out 6-3 (Groundball, 6M, EV 105.6 MPH) Perry Tuckfard to third
|
|
Batting: LHB Joel Kunkler
|
0-0: Ball 1-0: Ball 2-0: Ball 3-0: Base on Balls
|
|
Batting: RHB Bob Najar
|
0-0: Called Strike 0-1: Foul Ball, location: 2F 0-2: Strikes out swinging
|
| Bottom of the 7th over - 1 run, 2 hits, 0 errors, 2 left on base; San Diego 3 - Arizona 4 |
| TOP OF THE 8TH |
|
San Diego Padres batting - Pitching for Arizona Diamondbacks : RHP Rich Garces
|
|
Batting: SHB Terry Tuckfard
|
0-0: Ball 1-0: Called Strike 1-1: Swinging Strike 1-2: Ball 2-2: Ground out U3 (Groundball, 34, EV 81.2 MPH)
|
|
Batting: LHB Mike Holt
|
0-0: Ball 1-0: Ball 2-0: Called Strike 2-1: Called Strike 2-2: Foul Ball, location: 2F 2-2: Strikes out swinging
|
|
Batting: RHB Kaeo Zirpoli
|
0-0: Swinging Strike 0-1: Called Strike 0-2: Foul Ball, location: 2F 0-2: Strikes out swinging
|
| Top of the 8th over - 0 runs, 0 hits, 0 errors, 0 left on base; San Diego 3 - Arizona 4 |
| BOTTOM OF THE 8TH |
|
Arizona Diamondbacks batting - Pitching for San Diego Padres : RHP Colin Dorsey
|
|
Pitching: LHP Jim Turan
|
|
|
Batting: SHB Salvador Aragon
|
0-0: Ball 1-0: SINGLE (Groundball, 56, EV 107.5 MPH) (infield hit)
|
|
Batting: LHB Roy Steigerwald
|
0-0: Ball 1-0: Ball 2-0: Bunted foul 2-1: Bunted foul 2-2: Ball 3-2: Foul Ball, location: 2F 3-2: SINGLE (Groundball, 4MD, EV 106.2 MPH) Salvador Aragon to second Salvador Aragon to third
|
|
Batting: SHB Alec Thorpe
|
0-0: Ball 1-0: Called Strike 1-1: Foul Ball, location: 2F 1-2: Ball 2-2: Ball 3-2: SINGLE (Groundball, 34, EV 95.0 MPH) Salvador Aragon scores Roy Steigerwald to second Runner from 2nd tries for 3rd, SAFE, throw by RF made to third
|
|
Batting: RHB Katilimomi Kelekolio
|
0-0: SINGLE (Groundball, 34D, EV 91.9 MPH) (infield hit) Roy Steigerwald scores Alec Thorpe to second
|
|
Batting: RHB Andy Swaim
|
0-0: Fly out, F8 (Flyball, 8LXD, EV 95.0 MPH) Runner from 2nd tags up, SAFE at 3rd, no throw by CF
|
|
Batting: SHB Perry Tuckfard
|
0-0: Called Strike Katilimomi Kelekolio steals 2nd base (no throw) 0-1: Called Strike 0-2: Ball 1-2: Strikes out swinging
|
|
Batting: RHB Jim Zucco
|
0-0: Ball 1-0: Fly out, F8 (Flyball, 8LXD, EV 103.1 MPH)
|
| Bottom of the 8th over - 2 runs, 4 hits, 0 errors, 2 left on base; San Diego 3 - Arizona 6 |
| TOP OF THE 9TH |
|
San Diego Padres batting - Pitching for Arizona Diamondbacks : RHP Rich Garces
|
|
Pitching: RHP Adam Silbert
|
|
|
Now in CF: Mike Mentzer
|
|
|
Batting: RHB C.J. Beavers
|
0-0: Ball 1-0: Ball 2-0: Called Strike 2-1: Called Strike 2-2: Foul Ball, location: 2F 2-2: Strikes out swinging
|
|
Batting: LHB James McCauley
|
0-0: Called Strike 0-1: SOLO HOME RUN (Flyball, 9D, EV 100.6 MPH), Distance : 392 ft
|
|
Batting: RHB Luis Torres
|
0-0: Ball 1-0: Ball 2-0: Swinging Strike 2-1: Foul Ball, location: 2F 2-2: Ball 3-2: Strikes out swinging
|
|
Batting: RHB Hildo Pot
|
0-0: Swinging Strike 0-1: Called Strike 0-2: Ball 1-2: Strikes out swinging
|
| Top of the 9th over - 1 run, 1 hit, 0 errors, 0 left on base; San Diego 4 - Arizona 6 |
|